General information
			
			
        
        - name: BNet
 
        - type: Ladder team game (AT/RT)
 
        - host: Battle.net
 
        - saver: AKodoAteMyBaby
 
        
map: Monsoon 
        - players: 6
 
        - length: 31:55
 
        - speed: Fast
 - version: 1.22 W3XP
 - replay type:  Public
 
» download(219 KB)
Players
        team 1 (winner) 
              
              
AKodoAteMyBaby (
pink | 87 APM | 2786 actions | 31:55)
              
 6 Mountain King 
 3 Storm Bolt
 2 Bash
 1 Avatar
 4 Paladin 
 2 Holy Light
 2 Divine Shield
 
                » actions 
                
                | Assign group hotkey | 20 |  | 
| Basic commands | 24 |  | 
| Build / train | 117 |  | 
| Enter build submenu | 44 |  | 
| Enter hero's abilities submenu | 10 |  | 
| Give item / drop item | 13 |  | 
| Right click | 1489 |  | 
| Select / deselect | 531 |  | 
| Select group hotkey | 339 |  | 
| Use ability | 199 |  | 
                2786 total
 » units 
                
                | Peasant | 22 |  | 
| Priest | 2 |  | 
| Sorceress | 2 |  | 
| Ogre Magi | 1 |  | 
| Flying Machine | 15 |  | 
                42 total
 » upgrades
                
                | Masonry | 3 |  | 
| Lumber Harvesting | 2 |  | 
| Magic Sentry | 1 |  | 
| Sorceress Training | 2 |  | 
| Backpack | 1 |  | 
| Priest Training | 1 |  | 
| Gunpowder | 1 |  | 
| Flying Machine Bombs | 1 |  | 
                12 total
 » buildings
                
                | Altar of Kings | 1 |  | 
| Farm | 12 |  | 
| Scout Tower | 42 |  | 
| Lumber Mill | 1 |  | 
| Arcane Tower | 6 |  | 
| Guard Tower | 16 |  | 
| Arcane Vault | 1 |  | 
| Town Hall | 2 |  | 
| Keep | 1 |  | 
| Arcane Sanctum | 1 |  | 
| Castle | 1 |  | 
| Blacksmith | 1 |  | 
| Workshop | 4 |  | 
                89 total
 » build order
                00:08 Altar of Kings
00:19 Farm
00:41 Scout Tower
01:06 Lumber Mill
01:12 Arcane Tower
01:29 Farm
01:36 Scout Tower
02:03 Scout Tower
02:14 Guard Tower
02:20 Scout Tower
02:41 Guard Tower
02:43 Scout Tower
02:59 Arcane Tower
04:03 Arcane Vault
04:16 Guard Tower
04:18 Scout Tower
04:36 Scout Tower
04:44 Farm
05:23 Guard Tower
05:24 Scout Tower
05:48 Town Hall
05:59 Arcane Tower
06:02 Scout Tower
06:03 Scout Tower
06:05 Scout Tower
06:17 Farm
07:00 Arcane Tower
07:01 Guard Tower
07:23 Keep
07:25 Guard Tower
07:27 Scout Tower
07:55 Guard Tower
07:57 Scout Tower
07:58 Scout Tower
09:07 Guard Tower
09:11 Scout Tower
09:12 Scout Tower
09:51 Arcane Sanctum
10:01 Arcane Tower
10:03 Scout Tower
10:06 Scout Tower
10:32 Castle
11:56 Guard Tower
13:32 Scout Tower
13:32 Scout Tower
13:33 Scout Tower
14:37 Guard Tower
14:42 Farm
15:25 Arcane Tower
15:35 Scout Tower
15:38 Scout Tower
16:22 Guard Tower
21:13 Guard Tower
22:02 Scout Tower
22:02 Scout Tower
22:03 Scout Tower
22:04 Scout Tower
22:27 Scout Tower
22:27 Scout Tower
22:28 Scout Tower
22:56 Guard Tower
22:58 Scout Tower
22:59 Scout Tower
22:59 Scout Tower
23:00 Scout Tower
23:01 Scout Tower
23:02 Scout Tower
23:54 Guard Tower
23:59 Town Hall
24:23 Guard Tower
24:27 Scout Tower
24:28 Scout Tower
24:29 Scout Tower
24:30 Scout Tower
24:31 Scout Tower
24:32 Scout Tower
26:44 Guard Tower
28:24 Blacksmith
28:28 Farm
28:29 Farm
28:29 Farm
28:30 Farm
28:31 Farm
28:32 Farm
28:33 Farm
29:13 Workshop
29:15 Workshop
29:17 Workshop
29:19 Workshop
» items
                
                | Boots of Speed | 2 |  | 
| Staff of Teleportation | 4 |  | 
| Lesser Clarity Potion | 8 |  | 
| Scroll of Regeneration | 2 |  | 
| Healing Salve | 3 |  | 
| Potion of Healing | 2 |  | 
| Potion of Mana | 2 |  | 
| Potion of Lesser Invulnerability | 2 |  | 
| Orb of Lightning | 1 |  | 
| Staff of Sanctuary | 1 |  | 
                27 total
  
               
              
              
Ishamal (
blue | 54 APM | 1716 actions | 31:54)
              
 5 Archmage 
 3 Blizzard
 2 Brilliance Aura
 4 Paladin 
 2 Holy Light
 2 Divine Shield
 3 Mountain King 
 2 Storm Bolt
 1 Bash
 
                » actions 
                
                | Assign group hotkey | 5 |  | 
| Basic commands | 8 |  | 
| Build / train | 83 |  | 
| Enter build submenu | 35 |  | 
| Enter hero's abilities submenu | 12 |  | 
| Give item / drop item | 5 |  | 
| Remove unit from queue | 1 |  | 
| Right click | 991 |  | 
| Select / deselect | 287 |  | 
| Select group hotkey | 132 |  | 
| Use ability | 156 |  | 
                1716 total
 » units 
                
                | Peasant | 18 |  | 
| Sorceress | 1 |  | 
| Priest | 1 |  | 
                20 total
 » upgrades
                
                | Masonry | 3 |  | 
| Lumber Harvesting | 2 |  | 
| Magic Sentry | 1 |  | 
| Sorceress Training | 1 |  | 
                7 total
 » buildings
                
                | Altar of Kings | 1 |  | 
| Farm | 3 |  | 
| Lumber Mill | 1 |  | 
| Scout Tower | 44 |  | 
| Arcane Tower | 3 |  | 
| Guard Tower | 16 |  | 
| Arcane Vault | 1 |  | 
| Town Hall | 1 |  | 
| Keep | 1 |  | 
| Arcane Sanctum | 1 |  | 
| Castle | 1 |  | 
                73 total
 » build order
                00:04 Altar of Kings
00:19 Farm
00:31 Lumber Mill
00:57 Scout Tower
01:16 Farm
01:20 Scout Tower
01:33 Arcane Tower
01:52 Scout Tower
02:00 Guard Tower
02:03 Scout Tower
02:20 Guard Tower
02:21 Guard Tower
02:23 Scout Tower
02:38 Arcane Tower
02:47 Scout Tower
02:49 Scout Tower
03:14 Guard Tower
03:44 Guard Tower
03:45 Scout Tower
03:46 Scout Tower
04:06 Scout Tower
04:20 Guard Tower
04:22 Scout Tower
04:38 Scout Tower
04:40 Scout Tower
04:41 Arcane Tower
05:25 Guard Tower
05:28 Arcane Vault
06:37 Town Hall
07:27 Keep
07:31 Scout Tower
07:32 Scout Tower
07:33 Scout Tower
07:34 Scout Tower
07:38 Scout Tower
07:39 Scout Tower
07:40 Scout Tower
08:16 Scout Tower
08:18 Scout Tower
08:19 Scout Tower
08:20 Scout Tower
08:21 Scout Tower
08:23 Scout Tower
08:31 Guard Tower
08:45 Guard Tower
09:14 Guard Tower
09:25 Guard Tower
09:34 Scout Tower
09:35 Scout Tower
09:36 Scout Tower
09:36 Scout Tower
09:37 Scout Tower
10:19 Guard Tower
11:43 Guard Tower
11:45 Scout Tower
11:46 Scout Tower
11:46 Scout Tower
11:47 Scout Tower
11:48 Scout Tower
11:49 Scout Tower
11:53 Guard Tower
11:56 Arcane Sanctum
13:29 Castle
13:40 Guard Tower
16:35 Farm
16:46 Scout Tower
16:47 Scout Tower
16:49 Scout Tower
16:51 Scout Tower
16:52 Scout Tower
16:53 Scout Tower
16:53 Scout Tower
19:47 Guard Tower
» items
                
                | Healing Salve | 2 |  | 
| Boots of Speed | 3 |  | 
| Staff of Teleportation | 4 |  | 
| Orb of Lightning | 3 |  | 
| Periapt of Vitality | 3 |  | 
| Potion of Lesser Invulnerability | 2 |  | 
| Scroll of Protection | 1 |  | 
| Scroll of Healing | 1 |  | 
                19 total
  
               
              
              
MadCuzUstylinMe (
green | 104 APM | 3317 actions | 31:53)
              
 5 Blademaster 
 2 Wind Walk
 3 Critical Strike
 4 Shadow Hunter 
 2 Healing Wave
 2 Hex
 4 Naga Sea Witch 
 2 Frost Arrows
 2 Forked Lightning
 
                » actions 
                
                | Assign group hotkey | 112 |  | 
| Basic commands | 58 |  | 
| Build / train | 89 |  | 
| ESC pressed | 4 |  | 
| Enter build submenu | 61 |  | 
| Enter hero's abilities submenu | 14 |  | 
| Give item / drop item | 9 |  | 
| Right click | 1538 |  | 
| Select / deselect | 313 |  | 
| Select group hotkey | 854 |  | 
| Use ability | 265 |  | 
                3317 total
 » units 
                
                | Peon | 14 |  | 
| Troll Batrider | 9 |  | 
| Raider | 6 |  | 
                29 total
 » upgrades
                
                | Liquid Fire | 1 |  | 
| Reinforced Defenses | 1 |  | 
| Ranged Weapons | 1 |  | 
| Melee Weapons | 2 |  | 
| Pillage | 1 |  | 
| War Drums Damage Increase | 1 |  | 
| Envenomed Spears | 1 |  | 
| Ensnare | 1 |  | 
                9 total
 » buildings
                
                | Altar of Storms | 1 |  | 
| Orc Burrow | 5 |  | 
| War Mill | 1 |  | 
| Voodoo Lounge | 3 |  | 
| Watch Tower | 33 |  | 
| Stronghold | 2 |  | 
| Fortress | 2 |  | 
| Beastiary | 5 |  | 
| Great Hall | 3 |  | 
                55 total
 » build order
                00:15 Altar of Storms
00:23 Orc Burrow
01:10 War Mill
01:17 Voodoo Lounge
01:58 Orc Burrow
02:32 Watch Tower
03:18 Watch Tower
03:51 Stronghold
03:52 Stronghold
03:56 Watch Tower
04:23 Watch Tower
04:30 Voodoo Lounge
05:02 Watch Tower
05:45 Watch Tower
06:03 Voodoo Lounge
06:08 Watch Tower
07:04 Fortress
07:09 Beastiary
08:16 Watch Tower
08:17 Watch Tower
08:33 Beastiary
08:39 Orc Burrow
09:15 Watch Tower
09:24 Watch Tower
10:28 Watch Tower
10:29 Watch Tower
10:30 Watch Tower
10:54 Orc Burrow
11:53 Watch Tower
11:54 Watch Tower
11:57 Watch Tower
12:02 Great Hall
13:46 Watch Tower
13:47 Watch Tower
13:55 Watch Tower
13:56 Watch Tower
13:57 Watch Tower
15:01 Watch Tower
15:02 Watch Tower
15:03 Watch Tower
15:05 Watch Tower
15:39 Watch Tower
20:08 Watch Tower
20:09 Watch Tower
20:10 Watch Tower
20:11 Watch Tower
22:30 Watch Tower
22:31 Watch Tower
23:26 Great Hall
27:47 Beastiary
27:48 Beastiary
27:48 Beastiary
27:58 Orc Burrow
28:08 Great Hall
» items
                
                | Healing Salve | 3 |  | 
| Lesser Clarity Potion | 6 |  | 
| Boots of Speed | 4 |  | 
| Dust of Appearance | 1 |  | 
| Staff of Teleportation | 2 |  | 
| Circlet of Nobility | 8 |  | 
| Orb of Lightning | 2 |  | 
| Scroll of Speed | 1 |  | 
| Staff of Sanctuary | 3 |  | 
                30 total
  
               team 2 (loser) 
              
              
babyseeeeeter (
teal | 95 APM | 2561 actions | 27:02)
              
 4 Death Knight 
 2 Death Coil
 1 Unholy Aura
 1 Death Pact
 
                » actions 
                
                | Assign group hotkey | 27 |  | 
| Basic commands | 51 |  | 
| Build / train | 52 |  | 
| ESC pressed | 1 |  | 
| Enter build submenu | 24 |  | 
| Enter hero's abilities submenu | 4 |  | 
| Give item / drop item | 1 |  | 
| Right click | 1502 |  | 
| Select / deselect | 356 |  | 
| Select group hotkey | 461 |  | 
| Use ability | 82 |  | 
                2561 total
 » units 
                
                | Acolyte | 6 |  | 
| Ghoul | 2 |  | 
| Crypt Fiend | 11 |  | 
| Obsidian Statue | 3 |  | 
| Meatwagon | 5 |  | 
| Abomination | 1 |  | 
                28 total
 » upgrades
                » buildings
                
                | Altar of Darkness | 1 |  | 
| Graveyard | 1 |  | 
| Crypt | 1 |  | 
| Ziggurat | 8 |  | 
| Tomb of Relics | 1 |  | 
| Nerubian Tower | 1 |  | 
| Halls of the Dead | 1 |  | 
| Slaughterhouse | 2 |  | 
| Black Citadel | 1 |  | 
| Spirit Tower | 2 |  | 
                19 total
 » build order
                00:11 Altar of Darkness
00:13 Graveyard
00:29 Crypt
00:51 Ziggurat
01:04 Tomb of Relics
02:21 Ziggurat
02:28 Ziggurat
04:14 Nerubian Tower
04:17 Ziggurat
04:36 Halls of the Dead
06:58 Slaughterhouse
07:28 Slaughterhouse
09:20 Ziggurat
10:48 Black Citadel
12:32 Ziggurat
12:36 Ziggurat
20:32 Spirit Tower
20:43 Spirit Tower
20:47 Ziggurat
» items
                
                | Rod of Necromancy | 1 |  | 
| Dust of Appearance | 2 |  | 
| Boots of Speed | 1 |  | 
| Potion of Healing | 1 |  | 
| Scroll of Town Portal | 2 |  | 
| Scroll of Healing | 1 |  | 
                8 total
  
               
              
              
dekan (
orange | 71 APM | 1924 actions | 26:59)
              
 4 Demon Hunter 
 2 Mana Burn
 2 Evasion
 2 Pit Lord 
 1 Howl of Terror
 1 Rain of Fire
 
                » actions 
                
                | Assign group hotkey | 37 |  | 
| Basic commands | 76 |  | 
| Build / train | 83 |  | 
| Enter build submenu | 31 |  | 
| Enter hero's abilities submenu | 6 |  | 
| Give item / drop item | 1 |  | 
| Remove unit from queue | 1 |  | 
| Right click | 911 |  | 
| Select / deselect | 462 |  | 
| Select group hotkey | 237 |  | 
| Use ability | 79 |  | 
                1924 total
 » units 
                
                | Wisp | 33 |  | 
| Druid of the Claw | 4 |  | 
| Dryad | 4 |  | 
| Chimaera | 10 |  | 
                51 total
 » upgrades
                
                | Ultravision | 1 |  | 
| Strength of the Wild | 3 |  | 
| Druid of the Claw Training | 2 |  | 
| Abolish Magic | 1 |  | 
| Corrosive Breath | 1 |  | 
                8 total
 » buildings
                
                | Altar of Elders | 1 |  | 
| Moon Well | 9 |  | 
| Tree of Ages | 1 |  | 
| Hunter's Hall | 1 |  | 
| Ancient Protector | 3 |  | 
| Ancient of Lore | 2 |  | 
| Tree of Eternity | 2 |  | 
| Tree of Life | 1 |  | 
| Ancient of Wind | 1 |  | 
| Chimaera Roost | 4 |  | 
                25 total
 » build order
                00:04 Altar of Elders
00:09 Moon Well
01:22 Moon Well
02:19 Tree of Ages
02:40 Hunter's Hall
03:46 Ancient Protector
04:42 Ancient of Lore
04:44 Ancient of Lore
04:45 Tree of Eternity
04:45 Tree of Eternity
05:40 Ancient Protector
07:10 Tree of Life
09:36 Moon Well
10:59 Moon Well
12:19 Ancient of Wind
12:40 Moon Well
13:45 Ancient Protector
14:05 Chimaera Roost
14:12 Moon Well
14:15 Moon Well
14:43 Chimaera Roost
17:01 Chimaera Roost
17:31 Chimaera Roost
17:33 Moon Well
20:01 Moon Well
» items
                
                | Boots of Speed | 1 |  | 
| Staff of Teleportation | 1 |  | 
| Dust of Appearance | 2 |  | 
                4 total
  
               
              
              
unprettier (
purple | 59 APM | 1884 actions | 31:53)
              
 4 Priestess of the Moon 
 2 Trueshot Aura
 2 Searing Arrows
 
                » actions 
                
                | Assign group hotkey | 57 |  | 
| Basic commands | 98 |  | 
| Build / train | 70 |  | 
| Enter build submenu | 18 |  | 
| Enter hero's abilities submenu | 4 |  | 
| Give item / drop item | 4 |  | 
| Right click | 941 |  | 
| Select / deselect | 358 |  | 
| Select group hotkey | 303 |  | 
| Use ability | 30 |  | 
                1884 total
 » units 
                
                | Wisp | 20 |  | 
| Huntress | 12 |  | 
| Glaive Thrower | 6 |  | 
| Hippogryph | 8 |  | 
| Druid of the Talon | 5 |  | 
                51 total
 » upgrades
                
                | Moon Armor | 1 |  | 
| Strength of the Moon | 2 |  | 
| Vorpal Blades | 1 |  | 
| Druid of the Talon Training | 1 |  | 
                5 total
 » buildings
                
                | Altar of Elders | 1 |  | 
| Moon Well | 7 |  | 
| Hunter's Hall | 1 |  | 
| Ancient of War | 2 |  | 
| Ancient of Wonders | 1 |  | 
| Tree of Ages | 1 |  | 
| Ancient of Wind | 2 |  | 
| Tree of Life | 1 |  | 
                16 total
 » build order
                00:07 Altar of Elders
00:19 Moon Well
01:17 Hunter's Hall
01:47 Ancient of War
02:11 Ancient of War
02:17 Moon Well
03:06 Moon Well
05:23 Moon Well
06:06 Ancient of Wonders
11:43 Tree of Ages
14:09 Ancient of Wind
14:13 Ancient of Wind
17:05 Moon Well
17:29 Tree of Life
19:18 Moon Well
19:22 Moon Well
» items
                
                | Scroll of Healing | 2 |  | 
| Potion of Lesser Invulnerability | 2 |  | 
| Scroll of Protection | 2 |  | 
| Potion of Healing | 1 |  | 
| Scroll of Town Portal | 1 |  | 
                8 total
  
                Chat log
          (00:05 / All) MadCuzUstylinMe: Garg feed
(00:08 / All) MadCuzUstylinMe: great strat
(00:10 / All) unprettier: sex
(00:11 / All) AKodoAteMyBaby: def.
(00:22 / Allies) Ishamal: k
(03:35 / Allies) Ishamal: u jerk
(03:39 / Allies) Ishamal: i was gonna militia that
(03:39 / Allies) Ishamal: lol
(03:49 / Allies) Ishamal: its ok :*(
(03:54 / Allies) Ishamal: hope u get power tomes
(04:00 / Allies) Ishamal: i know
(09:18 / Allies) Ishamal: lumber anyone?
(10:25 / All) babyseeeeeter: fucking
(15:42 / All) MadCuzUstylinMe: sorry no creeps
(15:43 / All) MadCuzUstylinMe: only towers
(19:55 / All) babyseeeeeter: 야이씨발 개 씹세끼들아
(19:57 / All) MadCuzUstylinMe:  
(19:58 / Allies) AKodoAteMyBaby: 2 e z?
(20:00 / All) MadCuzUstylinMe: ur bad.
(20:03 / All) MadCuzUstylinMe: LMAO
(20:10 / All) babyseeeeeter: 좆빠씹쎄끼야
(20:20 / All) AKodoAteMyBaby: does this remind you of another recent game?
(20:54 / All) AKodoAteMyBaby: thanks for the lich
(20:58 / All) MadCuzUstylinMe: wow nice towers teal
(21:01 / All) MadCuzUstylinMe: towers for noobs..
(22:14 / All) AKodoAteMyBaby: why the mass towers?
(22:16 / All) AKodoAteMyBaby: cant you micro?
(22:17 / All) MadCuzUstylinMe: dun worry u dont need ud
(22:24 / All) MadCuzUstylinMe: no thats why they pick elf
(22:28 / All) AKodoAteMyBaby: o
(23:42 / All) MadCuzUstylinMe: pincer attack on towers
(23:46 / All) MadCuzUstylinMe: they got no where to go
(23:49 / All) Ishamal: lol
(25:41 / All) AKodoAteMyBaby: dont worry about tping
(25:58 / All) MadCuzUstylinMe: u got me orange
(26:30 / All) AKodoAteMyBaby: i like that you guys dont worry about retreating anymore
(27:01 / All) MadCuzUstylinMe: lmao
(27:03 / All) AKodoAteMyBaby: 2 e z?
(27:05 / All) Ishamal: gg noobs
(27:07 / All) Ishamal: 2ez
(27:14 / All) MadCuzUstylinMe: chims have a hard time when fighting over water
(27:17 / All) AKodoAteMyBaby: owned scrubs?
(27:36 / All) AKodoAteMyBaby: ps i have 14k gold and im mining from 3 mines
(27:44 / All) AKodoAteMyBaby: gl + hf